 Dungeon Crawl Stone Soup version 0.30-a0-715-gdb4ae3ece1 (webtiles) character file.

Game seed: 15111253847453591111

170 bande the Shield-Bearer (level 5, -4/49 HPs)
             Began as a Gargoyle Fighter on Jan 23, 2023.
             Killed from afar by an orc wizard (9 damage)
             ... with a magic dart
             ... on level 4 of the Dungeon.
             The game lasted 00:05:15 (3172 turns).

bande the Shield-Bearer (Gargoyle Fighter)          Turns: 3172, Time: 00:05:16

Health: -4/49      AC: 12    Str: 20    XL:     5   Next: 51%
Magic:  5/5        EV:  8    Int:  8    God:
Gold:   240        SH:  8    Dex: 11    Spells: 4/4 levels left

rFire   . . .      SeeInvis .    a - +0 war axe
rCold   . . .      Faith    .    l - +0 kite shield
rNeg    + . .      Spirit   .    b - +0 scale mail
rPois   ∞          Reflect  .    f - +1 hat
rElec   +          Harm     .    (no cloak)
rCorr   .          Rampage  .    (no gloves)
Will    +....                    (no boots) Stlth
                                 (no amulet)
HPRegen 0.28/turn                m - ring of willpower
MPRegen 0.09/turn                (no ring)

@: berserking, very quick
A: sickness immunity, AC +4, negative energy resistance 1, electricity
resistance, torment resistance 1, petrification resistance
a: no special abilities


You were on level 4 of the Dungeon.
You visited 1 branch of the dungeon, and saw 4 of its levels.

You collected 240 gold pieces.

Inventory:

Hand Weapons
 a - a +0 war axe (weapon)
 p - a +0 flail
Armour
 b - a +0 scale mail (worn)
 f - a +1 hat (worn)
 l - a +0 kite shield (worn)
Jewellery
 e - a ring of fire
 h - an amulet of magic regeneration
 m - a ring of willpower (left hand)
Wands
 k - a wand of roots (8)
Scrolls
 c - a scroll of fog {unknown}
 n - 2 scrolls of teleportation
 o - a scroll of vulnerability {unknown}
 q - 2 scrolls of magic mapping {unknown}
 r - a scroll of noise {unknown}
Potions
 d - a potion of might
 i - 2 potions of brilliance {unknown}
 j - 2 potions of ambrosia {unknown}
 s - 3 potions of heal wounds {unknown}
 t - a potion of invisibility
 u - a potion of cancellation {unknown}


   Skills:
 + Level 4.0 Fighting
 + Level 3.6 Axes
 + Level 4.0 Armour
 + Level 4.0 Shields
 * Level 0.4 Evocations


You had 4 spell levels left.
You didn't know any spells.
Your spell library contained the following spells:

 Spells                   Type           Power      Damage    Failure   Level
 Inner Flame              Hex/Fire       0%         N/A       100%        3
 Vhi's Electric Charge    Tloc/Air       0%         N/A       100%        3
 Cause Fear               Hex            0%         N/A       100%        4
 Arcjolt                  Conj/Air       0%         1d10      100%        5
 Borgnjor's Revivificati  Necr           0%         N/A       100%        8
 Discord                  Hex            0%         N/A       100%        8
 Maxwell's Capacitive Co  Air            0%         ∞         100%        8
 Necromutation            Tmut/Necr      0%         N/A       100%        8
 Death's Door             Necr           0%         N/A       100%        9


Dungeon Overview and Level Annotations

Branches:
Dungeon (4/15)             Temple (0/1) D:4

Altars:
Gozag
Qazlal
Ru
Vehumet

Shops:
D:1 ?   D:3 *   D:4 *

Annotations:
D:3 exclusion: statue
D:4 Blork the orc


Innate Abilities, Weirdness & Mutations

You are immune to sickness and miasma.
Your stone body is resilient. (AC +4)
You are immune to poison.
You resist negative energy. (rN+)
You are resistant to electric shocks. (rElec)
You are resistant to unholy torment.
You are immune to petrification.


Message History

The magic dart hits you. Something hits you but does no damage.
Something hits you. Blork the orc hits you with a +0 flail.
You barely miss Blork the orc.
Blork the orc is lightly wounded.
You miss something.
Blork the orc gestures at you while chanting.
The magic dart hits you but does no damage.
Something hits you.
* * * LOW HITPOINT WARNING * * *
You hit Blork the orc.
Blork the orc is moderately wounded.
You hit something. Blork the orc hits you with a +0 flail.
* * * LOW HITPOINT WARNING * * *
Something hits you.
* * * LOW HITPOINT WARNING * * *
Something hits you but does no damage. Blork the orc barely misses you.
You slash Blork the orc!
Blork the orc is severely wounded.
You miss something.
Blork the orc points at you and mumbles some strange words.
The puff of flame hits you but does no damage.
Something hits you.
* * * LOW HITPOINT WARNING * * *
Something completely misses you.
Blork the orc hits you but does no damage.
You slash Blork the orc!
Blork the orc is almost dead.
You hit something but do no damage.
You are engulfed in a cloud of scalding steam.
Blork the orc gestures wildly while chanting.
Blork the orc seems to speed up.
Something hits you but does no damage.
Unknown command.
A red film seems to cover your vision as you go berserk!
You feel yourself moving faster!
You feel mighty!
You are engulfed in a cloud of scalding steam.
Blork the orc closely misses you.
You hear some strange, mumbled words.
A magic dart appears from out of thin air!
The magic dart hits you!
You die...

###...............#
####.........##...#
.#................ ##
..<.............. .. #
............#...# .# ..
............###.##.##.##
............##.........#
........................
.............#..@{..⌠..#
.......####.?#.)o).....#
..................>.....
.......##....#.........#
.............#..⌠...⌠..#
.......#................
.... . ###.###.$.......#
#. ##.##.##.## .. ...
....#


You could see Blork the orc (fast).

Vanquished Creatures
  An iguana (D:4)
  Natasha (D:3)
  4 adders (D:3)
  An ufetubus (D:3)
  3 dart slugs
  4 orcs
  7 endoplasms
  2 giant cockroaches
  5 goblins
  6 hobgoblins
  8 kobolds
  3 quokkas
  8 ball pythons
  5 bats
  5 frilled lizards
  6 rats
69 creatures vanquished.

Notes
Turn   | Place    | Note
-------+----------+-------------------------------------------
     0 | D:1      | bande the Gargoyle Fighter began the quest for the Orb.
     0 | D:1      | Reached XP level 1. HP: 14/14 MP: 1/1
   141 | D:1      | Reached XP level 2. HP: 19/19 MP: 2/2
   472 | D:1      | Found Oginudgh's Magic Scroll Shop.
   922 | D:2      | Reached XP level 3. HP: 23/23 MP: 3/3
  1587 | D:3      | Reached XP level 4. HP: 29/29 MP: 4/4
  1735 | D:3      | Found a radiant altar of Vehumet.
  1741 | D:3      | Noticed Natasha
  1748 | D:3      | Killed Natasha
  1758 | D:3      | Noticed a frost-covered statue
  1912 | D:3      | Found Giog Fua's Assorted Antiques.
  2063 | D:3      | Reached XP level 5. HP: 31/33 MP: 5/5
  2322 | D:3      | Found a sacrificial altar of Ru.
  2326 | D:3      | Found an opulent altar of Gozag.
  2329 | D:3      | Found a stormy altar of Qazlal.
  2406 | D:3      | Found a faded altar of an unknown god.
  3066 | D:4      | Found Kaonoem's Assorted Antiques.
  3149 | D:4      | Found a staircase to the Ecumenical Temple.
  3156 | D:4      | Noticed Blork the orc
  3172 | D:4      | Killed from afar by an orc wizard

Illustrated notes

Levels and vault maps discovered:
D:1:      psy_arrival_spokes, layout_loops_ring, serial_shops,
          nicolae_shop_window_shopping, chequers_serial_rivers_large_a
D:2:      layout_loops_cross, nrook_mini_backslash, kennysheep_pointless_box
D:3:      layout_basic, minmay_overflow_temple_star_quad, vehumet_statue,
          dilly_ecumenical_altar_fadedgnrine, serial_shops,
          nicolae_shop_hallway_stairs, minivault_5, uniq_natasha
D:4:      layout_cave_pools, minmay_temple_entry_large_hall, serial_shops,
          nicolae_shop_hallway_stairs, minmay_curled_crystal, uniq_blork_the_orc

Skill      XL: |  1  2  3  4  5 |
---------------+----------------+-----
Axes           | 2 3 |  3.6
Shields        | 4 |  4.0
Armour         | 4 |  4.0
Fighting       | 4 |  4.0
Evocations     | |  0.4

Action                     |  1- 3 |  4- 6 || total
---------------------------+-------+-------++-------
  Melee: War axe           |   107 |    97 ||   204
    Use: Scroll            |     7 |       ||     7
         Potion            |       |     1 ||     1
 Armour: Scale mail        |    61 |    63 ||   124
  Dodge: Dodged            |    48 |    37 ||    85
  Block: Buckler           |    10 |       ||    10
         Kite shield       |    23 |    46 ||    69

Table legend: (Time is in decaauts)
 A = Elapsed time spent in this place.
 B = Non-inter-level travel time spent in this place.
 C = Inter-level travel time spent in this place.
 D = Time resting spent in this place.
 E = Time spent auto-exploring this place.
 F = Levels seen in this place.
 G = Mean time per level.
                   A        B        C        D        E       F      G
               +--------+--------+--------+--------+--------+-----+--------+
         Total |   3288 |   3204 |     84 |      0 |   2515 |   4 |  822.0 |
       Dungeon |   3288 |   3204 |     84 |      0 |   2515 |   4 |  822.0 |
               +--------+--------+--------+--------+--------+-----+--------+

Top non-repeatable levels by time:
     D:3: 1308 daAuts
     D:1: 928 daAuts
     D:2: 648 daAuts
     D:4: 403 daAuts
